 Dungeon Crawl Stone Soup version 0.31.0-11-ge490571c62 (webtiles) character file.

Game seed: 1057149296495712882

2183303 tymior the Cryomancer (level 27, 252/268 HPs)
             Began as a White Draconian Air Elementalist on Jan 31, 2024.
             Was the Champion of Vehumet.
             Escaped with the Orb
             ... and 4 runes on Feb 1, 2024!
             The game lasted 07:18:12 (81743 turns).

tymior the Cryomancer (DrAE)                       Turns: 81743, Time: 07:18:13

Health: 252/268    AC: 23    Str: 13    XL:     27
Magic:  56/56      EV: 20    Int: 31    God:    Vehumet [******]
Gold:   7928       SH: 16    Dex: 15    Spells: 16/66 levels left

rFire   + + +        T - +3 spear of Summer {flame, rElec rPois rCorr Str-3}
rCold   + + .        Y - +2 kite shield {reflect}
rNeg    . . .        (body armour unavailable)
rPois   +            u - +0 mask of the Dragon {Will+ Slay+3 SInv}
rElec   +            Q - +2 cloak {Will+}
rCorr   +            i - +3 pair of gauntlets of War {Slay+5}
SInv    +            s - +2 pair of boots {Stlth+}
Will    +++++        B - amulet "Kyrori" {RegenMP Rampage Will+ Str-2 Dex+3}
Stlth   ++           S - ring "Nout" {rF+ Will+ MP+9 Str+7}
HPRegen 0.64/turn    I - ring "Pazawn" {rElec rF+ rC+ Will+}
MPRegen 0.75/turn

%: reflection, clarity, rampage
@: hasted, studying Axes, very quick
A: breathe frost, AC +13, unfitting armour, cold resistance 1, cold-blooded,
claws 1, talons 1, clarity, clever 1, fire resistance 1, robust 1
0: Orb of Zot
}: 4/15 runes: decaying, serpentine, slimy, silver
a: Breathe Frost, Renounce Religion


You escaped.
You worshipped Vehumet.
Vehumet was exalted by your worship.
You visited 10 branches of the dungeon, and saw 52 of its levels.
You visited 1 bazaar.
You visited 1 ziggurat, and saw 5 of its levels.
You also visited: Trove, Bailey, Ice Cave and Desolation.

You collected 9818 gold pieces.
You spent 1890 gold pieces at shops.

Inventory:

Hand Weapons
 T - the +3 spear of Summer (weapon) {flame, rElec rPois rCorr Str-3}
   (You bought it in a shop on level 1 of the Vaults)

   Str-3:     It affects your strength (-3).
   rElec:     It insulates you from electricity.
   rPois:     It protects you from poison rCorr: It protects you from acid and
   corrosion.
 U - a +9 heavy demon trident
Missiles
 o - 84 poisoned darts
Armour
 i - the +3 pair of gauntlets of War (worn) {Slay+5}
   (You found it in the Desolation of Salt)

   Slay+5:    It affects your accuracy & damage with ranged weapons and melee
   (+5).
 s - a +2 pair of boots of stealth (worn)
 u - the +0 mask of the Dragon (worn) {Will+ Slay+3 SInv}
   (You found it in a treasure trove)

   Slay+3:    It affects your accuracy & damage with ranged weapons and melee
   (+3).
   Will+:     It increases your willpower.
   SInv:      It lets you see invisible.
 w - a +2 hat
 L - a scarf of resistance
 Q - a +2 cloak of willpower (worn)
 Y - a +2 kite shield of reflection (worn)
Magical Staves
 q - the staff of Kindness {rCorr Str-4 Int+2 Conj}
   (You found it on level 5 of the Pits of Slime)

   [staff of conjuration]

   Base accuracy: +5 Base damage: 5 Base attack delay: 1.2 This weapon's minimum
   attack delay (0.6) is reached at skill level 12.
   Str-4:     It affects your strength (-4).
   Int+2:     It affects your intelligence (+2).
   rCorr:     It protects you from acid and corrosion.
   Conj:      It increases the power of your Conjurations spells.
   It falls into the 'Staves' category.
   It is a one-handed weapon.
 H - the staff of Jocular Blind Justice {rElec rF+ Dex-3 Tloc Air}
   (You found it on level 3 of the Realm of Zot)

   [staff of air]

   Base accuracy: +5 Base damage: 5 Base attack delay: 1.2 This weapon's minimum
   attack delay (0.6) is reached at skill level 12.
   Dex-3:     It affects your dexterity (-3).
   rF+:       It protects you from fire.
   rElec:     It insulates you from electricity.
   Tloc:      It increases the power of your Translocations spells.
   Air:       It increases the power of your Air spells.
   It falls into the 'Staves' category.
   It is a one-handed weapon.
 R - the staff of the Slashing Boar {rElec rPois rC+++ Dex-4 Air}
   (You found it on level 5 of the Pits of Slime)

   [staff of air]

   Base accuracy: +5 Base damage: 5 Base attack delay: 1.2 This weapon's minimum
   attack delay (0.6) is reached at skill level 12.
   Dex-4:     It affects your dexterity (-4).
   rC+++:     It renders you almost immune to cold.
   rElec:     It insulates you from electricity.
   rPois:     It protects you from poison Air: It increases the power of your
   Air spells.
   It falls into the 'Staves' category.
   It is a one-handed weapon.
Jewellery
 h - the ring "Womati Unun" {rF+ rC+}
   (You found it on level 2 of the Dungeon)

   [ring of protection from cold]

   rF+:       It protects you from fire.
   rC+:       It protects you from cold.
 p - the ring "Halu" {rElec Will- EV+5 Int+2 Stlth+}
   (You found it on level 1 of the Realm of Zot)

   [ring of evasion]

   EV+5:      It affects your evasion (+5).
   Int+2:     It affects your intelligence (+2).
   rElec:     It insulates you from electricity.
   Will-:     It decreases your willpower.
   Stlth+:    It makes you more stealthy.
 r - the amulet of Biddufeu {RegenMP ^Contam rF++ rC- Dex+9}
   (You found it in the Desolation of Salt)

   [amulet of magic regeneration]

   RegenMP:   It increases your rate of magic regeneration.
   Dex+9:     It affects your dexterity (+9).
   rF++:      It greatly protects you from fire.
   rC-:       It makes you vulnerable to cold.
   ^Contam:   It causes magical contamination when unequipped.
 y - a ring of fire
 A - a ring of flight
 B - the amulet "Kyrori" (around neck) {RegenMP Rampage Will+ Str-2 Dex+3}
   (You acquired it on level 2 of the Elven Halls)

   [amulet of magic regeneration]

   RegenMP:   It increases your rate of magic regeneration.
   Str-2:     It affects your strength (-2).
   Dex+3:     It affects your dexterity (+3).
   Will+:     It increases your willpower.
   Rampage:   It bestows one free step when moving towards enemies.
 I - the ring "Pazawn" (right hand) {rElec rF+ rC+ Will+}
   (You took it off a deep elf elementalist on level 3 of the Elven Halls)

   [ring of protection from cold]

   rF+:       It protects you from fire.
   rC+:       It protects you from cold.
   rElec:     It insulates you from electricity.
   Will+:     It increases your willpower.
 O - the ring of Intercession {rPois rN+}
   (You found it on level 5 of the Pits of Slime)

   [ring of positive energy]

   rPois:     It protects you from poison rN+: It protects you from negative
   energy.
 S - the ring "Nout" (left hand) {rF+ Will+ MP+9 Str+7}
   (You found it on level 13 of the Dungeon)

   [ring of willpower]

   Str+7:     It affects your strength (+7).
   rF+:       It protects you from fire.
   Will+:     It increases your willpower.
   MP+9:      It affects your magic capacity (+9).
 W - the amulet of Gozag's Envy {Spirit rElec Int+3 Stlth+}
   (You found it in the Desolation of Salt)

   [amulet of guardian spirit]

   Spirit:    It causes incoming damage to be divided between your reserves of
   health and magic.
   Int+3:     It affects your intelligence (+3).
   rElec:     It insulates you from electricity.
   Stlth+:    It makes you more stealthy.
 X - the ring "Esemil" {Will+ rCorr}
   (You bought it in a shop on level 1 of the Snake Pit)

   [ring of resist corrosion]

   Will+:     It increases your willpower.
   rCorr:     It protects you from acid and corrosion.
Wands
 j - a wand of acid (84)
 n - a wand of digging (2)
 x - a wand of paralysis (19)
 z - a wand of flame (10)
 E - a wand of roots (55)
Scrolls
 d - 7 scrolls of poison
 e - 12 scrolls of amnesia
 k - 8 scrolls of fog
 m - 2 scrolls of silence
 t - 4 scrolls of enchant weapon
 F - 10 scrolls of teleportation
 K - 3 scrolls of summoning
 M - 6 scrolls of fear
 V - 7 scrolls of revelation
 Z - 4 scrolls of blinking
Potions
 a - 2 potions of brilliance
 c - a potion of haste
 f - 28 potions of curing
 g - 3 potions of enlightenment
 l - 2 potions of mutation
 v - 5 potions of ambrosia
 C - 6 potions of cancellation
 D - 8 potions of resistance
 G - 5 potions of lignification
 J - 5 potions of invisibility
 N - a potion of attraction
 P - 9 potions of heal wounds
Miscellaneous
 b - a lightning rod (4/4)


   Skills:
 + Level 19.6 Fighting
 + Level 6.4(6.7) Polearms
 - Level 2.5(4.8) Staves
 + Level 16.8 Dodging
 + Level 7.2 Stealth
 + Level 16.0 Shields
 + Level 20.3 Spellcasting
 + Level 21.5 Conjurations
 - Level 3.9 Translocations
 + Level 26.3 Ice Magic
 - Level 12.4 Air Magic
 + Level 15.0 Earth Magic
 - Level 5.2 Evocations


You had 16 spell levels left.
You knew the following spells:

 Your Spells              Type           Power      Damage    Failure   Level
a - Shock                 Conj/Air       100%       1d9       0%          1
b - Static Discharge      Conj/Air       100%       3-8/arc   0%          2
c - Swiftness             Air            83%        N/A       1%          3
d - Airstrike             Air            41%        2d(6-22)  1%          4
e - Orb of Destruction    Conj           52%        9d13      1%          7
f - Blink                 Tloc           100%       N/A       1%          2
g - Freeze                Ice            100%       1d10      0%          1
h - Arcjolt               Conj/Air       47%        1d57      1%          5
i - Lehudib's Crystal Sp  Conj/Erth      49%        10d12     2%          8
j - Freezing Cloud        Conj/Ice/Air   51%        6-21      0%          5
k - Ozocubu's Armour      Ice            100%       N/A       0%          3
l - Polar Vortex          Ice            57%        12d7*     1%          9

Your spell library contained the following spells:

 Spells                   Type           Power      Damage    Failure   Level
 Chain Lightning          Conj/Air       47%        3d63      43%         9
 Shatter                  Erth           45%        3d35*     69%         9
 Magic Dart               Conj           100%       1d8       0%          1
 Sandblast                Erth           100%       2d20      0%          1
 Ensorcelled Hibernation  Hex/Ice        100%       N/A       0%          2
 Momentum Strike          Conj/Tloc      100%       3d10      0%          2
 Frozen Ramparts          Ice            100%       1d16      0%          3
 Hailstorm                Conj/Ice       100%       3d16      0%          3
 Passwall                 Erth           90%        N/A       0%          3
 Stone Arrow              Conj/Erth      100%       3d13      0%          3
 Brom's Barrelling Bould  Conj/Erth      98%        2d11      0%          4
 Apportation              Tloc           100%       N/A       1%          1
 Foxfire                  Conj/Fire      100%       2x1d9     1%          1
 Sting                    Conj/Alch      100%       1d9       1%          1
 Summon Small Mammal      Summ           100%       N/A       1%          1
 Cigotuvi's Dreadful Rot  Necr/Alch/Air  100%       N/A       1%          2
 Lesser Beckoning         Tloc           100%       N/A       1%          2
 Mercury Vapours          Alch/Air       100%       N/A       1%          2
 Scorch                   Fire           62%        2d7       1%          2
 Dazzling Flash           Conj/Hex       100%       N/A       1%          3
 Gell's Gravitas          Tloc           54%        N/A       1%          3
 Inner Flame              Hex/Fire       31%        N/A       1%          3
 Mephitic Cloud           Conj/Alch/Air  80%        N/A       1%          3
 Teleport Other           Tloc           54%        N/A       1%          3
 Volatile Blastmotes      Fire/Tloc      86%        2d17      1%          3
 Flame Wave               Conj/Fire      78%        2d17      1%          4
 Iskenderun's Mystic Bla  Conj/Tloc      84%        2d17      1%          4
 Leda's Liquefaction      Alch/Erth      33%        N/A       1%          4
 Petrify                  Alch/Erth      67%        N/A       1%          4
 Summon Lightning Spire   Summ/Air       63%        N/A       1%          4
 Vhi's Electric Charge    Tloc/Air       100%       N/A       1%          4
 Fireball                 Conj/Fire      39%        3d16      1%          5
 Lee's Rapid Deconstruct  Erth           45%        3d22*     1%          5
 Metabolic Englaciation   Hex/Ice        42%        N/A       1%          5
 Bombard                  Conj/Erth      49%        9d8       1%          6
 Sculpt Simulacrum        Ice/Alch       42%        N/A       1%          6
 Starburst                Conj/Fire      39%        6d11      1%          6
 Borgnjor's Vile Clutch   Necr/Erth      33%        N/A       2%          5
 Call Imp                 Summ           62%        N/A       3%          2
 Jinxbite                 Hex            62%        N/A       3%          2
 Sublimation of Blood     Necr           31%        N/A       3%          2
 Manifold Assault         Tloc           54%        N/A       4%          4
 Passage of Golubria      Tloc           54%        N/A       4%          4
 Silence                  Hex/Air        31%        N/A       4%          5
 Ignite Poison            Fire/Alch      31%        N/A       5%          4
 Olgreb's Toxic Radiance  Alch           31%        N/A       5%          4
 Sticky Flame             Fire/Alch      31%        2d7       5%          4
 Call Canine Familiar     Summ           31%        N/A       6%          3
 Fugue of the Fallen      Necr           31%        N/A       6%          3
 Sigil of Binding         Hex            31%        N/A       6%          3
 Tukima's Dance           Hex            31%        N/A       6%          3
 Vampiric Draining        Necr           31%        2d8       6%          3
 Plasma Beam              Fire/Air       31%        2x1d44    7%          6
 Dimensional Bullseye     Hex/Tloc       21%        N/A       9%          4
 Yara's Violent Unravell  Hex/Alch       15%        3d8       16%         5
 Anguish                  Hex/Necr       15%        N/A       21%         4
 Animate Dead             Necr           31%        N/A       21%         4
 Cause Fear               Hex            15%        N/A       21%         4
 Summon Blazeheart Golem  Fire/Summ      31%        N/A       21%         4
 Maxwell's Capacitive Co  Air            41%        ∞         21%         8
 Summon Forest            Summ/Tloc      21%        N/A       26%         5
 Alistair's Intoxication  Alch           20%        N/A       50%         5
 Curse of Agony           Necr           31%        N/A       50%         5
 Dispersal                Tloc           27%        N/A       52%         6
 Eringya's Noxious Bog    Alch           15%        4d6       58%         6
 Death Channel            Necr           15%        N/A       97%         6
 Summon Cactus Giant      Summ           15%        N/A       97%         6
 Fire Storm               Conj/Fire      39%        8d10      99%         9
 Enfeeble                 Hex            15%        N/A       100%        7
 Malign Gateway           Summ/Tloc      21%        N/A       100%        7
 Summon Hydra             Summ           15%        N/A       100%        7
 Disjunction              Tloc           27%        N/A       100%        8
 Dragon's Call            Summ           15%        N/A       100%        9


Dungeon Overview and Level Annotations

Branches:
Dungeon (15/15)            Temple (0/1) D:7            Lair (5/5) D:10
  Swamp (4/4) Lair:3        Snake (4/4) Lair:3        Slime (5/5) Lair:5
    Orc (2/2) D:12            Elf (3/3) Orc:2        Vaults (5/5) D:14
  Crypt (0/3) Vaults:3     Depths (4/4) D:15            Zot (5/5) Depths:4
 Bailey (visited)           IceCv (visited)         Desolation (visited)

Altars:
Ashenzari
Cheibriados
Elyvilon
Fedhas
Gozag
Hepliaklqana
Kikubaaqudgha
Makhleb
Nemelex Xobeh
Qazlal
Trog
Uskayaw
Vehumet
Xom
Yredelemnul
Zin
The Shining One
Jiyva

Shops:
D:4 ?   D:5 *   D:10 !   D:11 (   D:15 =!!!   Orc:2 ((([   Elf:1 :
Snake:1 :=(   Snake:2 *=   Snake:4 ?[   Vaults:1 (   Vaults:2 (   Vaults:3 =
Vaults:5 ?[?![!!

Portals:
Hell: Depths:1 Depths:2 Depths:3 Depths:4
Abyss: Depths:3
Pandemonium: Depths:1 Depths:2

Annotations:
D:5 2 transporters, MollyMolluskus's ghost, novice OpFi
D:6 Jeremiah
Orc:2 3 runed translucent doors, Laqueoixx's ghost, journeyman OpSh
Elf:1 20 runed translucent doors
Depths:2 1 exclusion
Zot:3 1 transporter
Zot:4 36 runed translucent doors


Innate Abilities, Weirdness & Mutations

You can breathe waves of freezing cold which knock back foes.
Your icy white scales are hard. (AC +13)
You cannot fit into any form of body armour.
Your flesh is cold resistant. (rC+)
You are cold-blooded and may be slowed by cold attacks.
You have sharp fingernails.
You have sharp toenails.
You possess an exceptional clarity of mind.
Your mind is acute. (Int +4, Str/Dex -1)
Your flesh is heat resistant. (rF+)
You are robust. (+10% HP)


Message History

The reaper completely misses you. Vehumet accepts your kill.
You feel your power returning.
You feel a bit more experienced.
The winds around you start to calm down.
You float gracefully downwards.
You are engulfed in whirling frost.
You are engulfed in whirling frost.
The winds around you calm down.
A sun demon comes into view.
There is a stone staircase leading up here.
You climb upwards.
There is a stone staircase leading down here.
You see here a +0 mace.
A Hell Sentinel comes into view.
Casting: Polar Vortex (mildly dangerous; 1% risk of failure)
Confirm with . or Enter, or press ? or * to list all spells.
A great freezing vortex appears and lifts you up.
The Hell Sentinel gestures at you.
The sphere of damnation explodes!
The damnation engulfs you!!
There is a stone staircase leading up here.
The winds around you start to calm down.
You float gracefully downwards.
You climb upwards.
There is a stone staircase leading down here.
The winds around you calm down.
There is a stone staircase leading up here.
You feel yourself speed up.
You climb upwards.
There is a stone staircase leading down here.
An Executioner and a large abomination come into view.
There is an open door here.
Blink to where?
Press: ? - help, Dir - move target
As you read the scroll of blinking, it crumbles to dust.
The Executioner moves out of view.
The large abomination moves out of view.
There is an open door here.
You rampage towards the large abomination!
There is a staircase leading out of the dungeon here.
You have escaped!

#.....#..♣♣P>P♣♣..#.#.#.#....
#.#...##..♣♣.♣♣..##.#.#.#.###
#.#...#♣.........♣#.#.#.#.#..
#.#####♣.♣.~~~.♣.♣#.....#.#..
#.# ♣..~~8≈~..♣###1..###.# #.#
♣.♣.~~~.♣.♣ #........ #.#
♣....1....♣ #..####.# #.#
##..♣♣X♣♣..## #..####.. #.#
#..♣♣P@P♣♣1.###1......#
#.######..#####..##...#######
##.##..')..~≈≈≈~...'.#.......)
#.....########################
#...### #...# #####.## ......#
########


You could see an Executioner and a large abomination.

Vanquished Creatures
  the Royal Jelly (Slime:5)
  8 dread liches
  9 ancient liches
  8 orbs of fire
  Mara (Depths:1)
  Boris (Vaults:5)
  2 Killer Klowns (Zot:5)
  The ghost of hyperkahler the Slayer, a veteran MiFi of Cheibriados (Vaults:3)
  Parghit (Depths:4)
  Saint Roka (Orc:2)
  Margery (Vaults:3)
  A curse toe (Zot:5)
  5 golden dragons
  Norris (Vaults:3)
  2 bone dragons (Zot:4)
  Jory (Vaults:3)
  2 doom hounds (Depths:4)
  5 electric golems
  Rupert (D:14)
  13 tentacled monstrosities
  3 liches
  Grunn (Depths:4)
  A hellephant (Vaults:3)
  27 Orb Guardians
  3 deep elf blademasters
  18 acid blobs
  3 titans (Vaults:5)
  A walking frostbound tome (Depths:3)
  2 deep elf master archers (Elf:3)
  4 quicksilver dragons
  2 ancient champions
  Frances (D:13)
  9 sphinxes
  17 death cobs
  7 shadow dragons
  Aizul (Swamp:3)
  Kirke (Lair:5)
  3 draconian monks
  4 draconian knights
  19 storm dragons
  16 rockslimes
  6 tengu reavers
  5 nagarajas
  4 protean progenitors
  2 draconian shifters (Zot:5)
  19 azure jellies
  6 fire giants
  7 fenstrider witches
  3 deep elf sorcerers (Elf:3)
  22 vault wardens
  2 imperial myrmidons (Desolation)
  10 frost giants
  2 ghost moths
  7 draconian scorchers
  3 iron dragons
  A curse skull (Zig:3)
  3 draconian annihilators
  2 ghouls (Swamp:4)
  4 deep elf elementalists (Elf:3)
  A draconian stormcaller (Zot:1)
  3 orc warlords
  11 quicksilver oozes
  32 very ugly things
  25 ironbound preservers
  2 reapers
  9 formless jellyfish
  2 spriggan defenders
  6 ironbound thunderhulks
  17 stone giants
  7 deep elf death magi
  3 vampire knights
  6 deep elf demonologists (Elf:3)
  The ghost of greynaab the Warrior, a journeyman GrHW of Trog (D:13)
  5 eleionomae
  The ghost of Myomowye the Blocker, a journeyman MiFi of the Shining One (D:15)
  9 green draconians
  4 deep elf annihilators (Elf:3)
  3 war gargoyles
  11 yellow draconians
  5 red draconians
  8 dire elephants
  6 black draconians
  7 purple draconians
  17 spark wasps
  2 halazid warlocks (Desolation)
  3 white draconians
  A green death (Swamp:4)
  14 ettins
  5 crystal guardians
  A blizzard demon (Depths:3)
  Josephine (Lair:3)
  2 iron golems (Zig:4)
  9 ragged hierophants (Desolation)
  11 yaktaur captains
  A merfolk javelineer (Depths:2)
  6 deep elf high priests
  7 fire dragons
  16 ice dragons
  A shambling mangrove (Swamp:4)
  4 jiangshi
  3 rakshasas
  Fannar (Orc:1)
  4 salamander tyrants
  12 peacekeepers
  16 great orbs of eyes
  An entropy weaver (Vaults:5)
  32 vault guards
  7 servants of whispers (Desolation)
  Harold (Orc:1)
  3 spriggan air magi
  20 centaur warriors
  15 hydras
  17 anacondas
  A jorogumo (Zot:1)
  A catoblepas (D:14)
  A merfolk avatar (Lair:5)
  A hell beast (Swamp:4)
  An ice dragon (shapeshifter) (Vaults:5)
  4 ogre magi
  12 alligators
  A two-headed ogre (shapeshifter) (Depths:3)
  Erica (Orc:1)
  12 ironbound frosthearts
  2 boulder beetles
  29 dancing weapons
  12 two-headed ogres
  7 deep troll shamans
  6 death yaks (Lair:4)
  A sphinx skeleton (Vaults:3)
  8 deep troll earth magi
  3 tengu warriors
  9 naga warriors
  5 occultists
  9 shock serpents
  3 vampire magi
  6 orc high priests
  5 spriggan berserkers
  9 naga sharpshooters
  A sun demon (Depths:1)
  17 deep elf knights
  3 hell knights
  A sixfirhy (Swamp:4)
  7 iron trolls
  7 soul eaters
  2 death drakes (Zot:4)
  3 salamander mystics (Snake:2)
  12 skeletal warriors
  6 goliath frogs
  A shadow wraith (Zig:3)
  8 sea snakes
  4 skysharks
  A quicksilver dragon simulacrum (Depths:2)
  A golden dragon zombie (Zot:4)
  4 spriggan druids (Swamp:4)
  13 mana vipers
  A sea snake (shapeshifter) (Vaults:5)
  2 orange crystal statues
  4 flayed ghosts
  5 swamp dragons
  An orb spider (shapeshifter) (D:14)
  8 arcanists
  A shadow demon (D:12)
  6 glowing orange brains
  70 deep trolls
  14 deep elf archers
  3 bog bodies
  2 sun moths (shapeshifter)
  3 obsidian statues
  6 naga ritualists
  6 phantasmal warriors (Vaults:5)
  6 lindwurms
  6 necromancers
  14 orc knights
  A steelbarb worm (shapeshifter) (Depths:3)
  6 harpies
  A tengu zombie (Depths:2)
  41 deep elf pyromancers
  29 ironbound convokers
  An elf skeleton (Vaults:2)
  An oklob plant (Lair:3)
  55 ugly things
  6 cyclopes
  8 manticores
  5 will-o-the-wisps
  10 shining eyes
  28 deep elf zephyrmancers
  9 orc sorcerers
  A manticore (shapeshifter) (Vaults:4)
  A stone giant skeleton (Vaults:3)
  2 tengu skeletons
  An elephant (shapeshifter) (Vaults:5)
  A water nymph (shapeshifter) (Vaults:5)
  17 salamanders
  A draconian skeleton (Zot:4)
  7 guardian serpents
  7 elephants (Lair:5)
  24 moths of wrath
  2 ice statues
  4 eyes of devastation
  A rust devil (Depths:1)
  9 kobold blastminers (Orc:2)
  15 vault sentinels
  56 black mambas
  A fire giant skeleton (Depths:2)
  An elf zombie (Vaults:2)
  A torpor snail (shapeshifter) (Depths:2)
  A torpor snail (Lair:2)
  A molten gargoyle (Desolation)
  2 smoke demons
  A guardian serpent (shapeshifter) (Vaults:5)
  15 naga magi
  3 rime drakes
  11 cane toads
  26 yaktaurs
  A hellion (Depths:1)
  An unseen horror (shapeshifter) (D:14)
  A kobold demonologist (D:10)
  2 efreet
  7 freezing wraiths
  3 tengu conjurers
  7 komodo dragons
  An anaconda simulacrum (IceCv)
  2 yaktaur skeletons (Vaults:3)
  9 ice devils (IceCv)
  5 hellwings (Swamp:4)
  5 trolls
  2 bloated husks (Swamp:1)
  34 blink frogs
  4 tyrant leeches
  12 hornets
  A wind drake (Lair:5)
  2 polar bears
  An ettin zombie (Vaults:2)
  62 saltlings (Desolation)
  7 dream sheep (Lair:5)
  A raiju (shapeshifter) (Depths:3)
  7 glass eyes
  174 slime creatures
  A centaur simulacrum (D:10)
  A jumping spider (shapeshifter) (Vaults:2)
  A culicivora (shapeshifter) (Vaults:5)
  2 shadows
  2 air elementals (Elf:3)
  A vampire (D:13)
  10 spriggans
  5 water elementals
  7 hogs (Lair:5)
  4 dire elephant simulacra (IceCv)
  7 wraiths
  5 wyverns
  A fire elemental (Elf:1)
  Eustachio (D:6)
  7 golden eyes
  49 yaks
  A neqoxec (Zot:1)
  5 wargs
  A yak (shapeshifter) (D:14)
  4 steam dragons
  2 redbacks (shapeshifter)
  7 basilisks
  16 vampire mosquitoes
  2 death yak simulacra (IceCv)
  A harpy simulacrum (IceCv)
  2 chaos spawn (Swamp:4)
  37 nagas
  9 swamp worms
  2 hydra simulacra (IceCv)
  A swamp worm (shapeshifter) (Vaults:5)
  5 acid dragons
  16 water moccasins
  A glowing shapeshifter skeleton (Vaults:3)
  60 orc warriors
  2 laughing skulls (D:14)
  4 swamp drakes
  2 sky beasts
  An ice beast (D:6)
  14 ogres
  5 boggarts (Vaults:1)
  6 wolves (Lair:3)
  10 centaurs
  A human skeleton (Vaults:3)
  A phantom (D:4)
  2 kobold brigands
  11 bullfrogs
  4 earth elementals
  A two-headed ogre simulacrum (IceCv)
  4 scorpions
  4 cane toad simulacra (IceCv)
  18 wights
  7 elephant simulacra (IceCv)
  9 killer bees
  7 howler monkeys
  A bombardier beetle (D:5)
  A centaur zombie (D:4)
  2 bullfrog zombies (D:4)
  A human zombie (D:4)
  3 hounds
  3 jellies
  23 orc priests
  A scorpion zombie (D:4)
  A gnoll bouda (D:5)
  Ijyb (D:4)
  2 iguanas
  30 orc wizards
  A troll simulacrum (IceCv)
  2 polar bear simulacra (IceCv)
  A spriggan simulacrum (IceCv)
  5 wolf simulacra (IceCv)
  2 hound zombies (D:4)
  9 adders
  13 gnolls
  2 shadow imps (D:4)
  2 white imps
  8 ufetubi
  An adder zombie (D:4)
  An adder skeleton (D:4)
  A dart slug (D:1)
  117 orcs
  6 ball pythons
  5 endoplasms
  3 giant cockroaches
  18 goblins
  6 hobgoblins
  3 jackals (D:4)
  13 kobolds
  7 quokkas
  2 bats
  3 frilled lizards
  A quokka skeleton (D:4)
  2 rats
  4 aspiring fleshes
2591 creatures vanquished.

Vanquished Creatures (others)
  A fire giant (Depths:4)
  A peacekeeper (Vaults:2)
  2 bloated husks (Swamp:1)
  A spriggan (Swamp:4)
  A chaos spawn (Swamp:4)
  An orc wizard (Orc:2)
  8 foxfires
15 creatures vanquished.

Grand Total: 2606 creatures vanquished

Notes
Turn   | Place    | Note
-------+----------+-------------------------------------------
     0 | D:1      | tymior the Draconian Air Elementalist began the quest for
                  | the Orb.
     0 | D:1      | Reached XP level 1. HP: 14/14 MP: 3/3
   253 | D:1      | Reached XP level 2. HP: 20/20 MP: 0/5
   486 | D:1      | Learned a level 2 spell: Static Discharge
  1276 | D:2      | Identified the ring "Womati Unun" {rF+ rC+}
  1605 | D:2      | Reached XP level 3. HP: 21/26 MP: 3/6
  1628 | D:2      | Learned a level 3 spell: Swiftness
  1944 | D:3      | Reached XP level 4. HP: 26/33 MP: 4/8
  2183 | D:3      | Found a basalt altar of Yredelemnul.
  2468 | D:3      | Reached XP level 5. HP: 10/38 MP: 1/9
  2545 | D:3      | Learned a level 4 spell: Airstrike
  2887 | D:4      | Found Ehuul's Magic Scroll Emporium.
  2895 | D:4      | Bought a scroll of identify for 24 gold pieces
  2895 | D:4      | Bought a scroll of identify for 24 gold pieces
  2895 | D:4      | Bought a scroll of identify for 24 gold pieces
  2956 | D:4      | Found a bloodstained altar of Trog.
  3292 | D:4      | Noticed a phantom
  3313 | D:4      | Killed a phantom
  3314 | D:4      | Reached XP level 6. HP: 21/45 MP: 0/12
  3572 | D:4      | Reached skill level 5 in Air Magic
  3597 | D:4      | Noticed Ijyb
  3607 | D:4      | Killed Ijyb
  3853 | D:4      | Found a glowing silver altar of Zin.
  4161 | D:4      | Found an ancient bone altar of Kikubaaqudgha.
  4226 | D:4      | Your scales start taking on an icy white colour.
  4226 | D:4      | Reached XP level 7. HP: 39/50 MP: 8/13
  4226 | D:4      | Gained mutation: Your flesh is cold resistant. (rC+) [White
                  | Draconian growth]
  4559 | D:5      | Entered Level 5 of the Dungeon
  4592 | D:5      | Found a radiant altar of Vehumet.
  4626 | D:5      | Noticed MollyMolluskus's ghost (novice OpFi)
  4631 | D:5      | Found a transporter.
  4640 | D:5      | Found Hunee's Assorted Antiques.
  4674 | D:5      | Reached skill level 5 in Spellcasting
  4899 | D:5      | Found an opulent altar of Gozag.
  4901 | D:5      | Found a hide-covered altar of Uskayaw.
  5013 | D:5      | Reached XP level 8. HP: 49/57 MP: 6/16
  5158 | D:5      | Found a transporter.
  5167 | D:5      | Found a blossoming altar of Fedhas.
  5501 | D:5      | Reached skill level 5 in Conjurations
  5911 | D:6      | Noticed Eustachio
  5923 | D:6      | Killed Eustachio
  5940 | D:6      | Learned a level 3 spell: Mephitic Cloud
  6207 | D:5      | Became a worshipper of Vehumet
  6443 | D:6      | Reached XP level 9. HP: 62/62 MP: 14/19
  6483 | D:6      | Noticed Jeremiah
  7228 | D:7      | Identified the +4 whip of Janeo {flame, *Noise rElec Str+3
                  | Stlth+}
  7496 | D:7      | Found a staircase to the Ecumenical Temple.
  7503 | D:7      | Found a stormy altar of Qazlal.
  7691 | D:7      | Found a sparkling altar of Nemelex Xobeh.
  8182 | D:8      | Found a burning altar of Makhleb.
  8183 | D:8      | Noticed a blizzard demon
  8507 | D:8      | Reached * piety under Vehumet
  8507 | D:8      | Offered knowledge of Sandblast by Vehumet.
  8971 | D:8      | Learned a level 2 spell: Blink
  8982 | D:8      | Found a hazy altar of Hepliaklqana.
  9720 | D:8      | Noticed a hellwing
  9720 | D:8      | Noticed an orange demon
  9949 | D:9      | Reached skill level 1 in Fighting
  9949 | D:9      | Reached XP level 10. HP: 71/71 MP: 12/22
 10108 | D:9      | Found a flagged portal.
 10129 | Bailey   | Entered a bailey
 10580 | Bailey   | Noticed an orc knight
 10600 | Bailey   | Killed an orc knight
 11272 | D:9      | Reached ** piety under Vehumet
 11272 | D:9      | Offered knowledge of Freeze by Vehumet.
 11279 | D:9      | Learned a level 1 spell: Freeze
 11412 | D:9      | Identified the beast talisman of Vexation {rElec rF++ Int-4
                  | Dex+2}
 11653 | D:10     | Entered Level 10 of the Dungeon
 11654 | D:10     | Found a staircase to the Lair.
 11672 | D:10     | Noticed a centaur warrior
 11684 | D:10     | Killed a centaur warrior
 11684 | D:10     | Noticed a centaur warrior
 11685 | D:10     | Reached skill level 2 in Ice Magic
 11687 | D:10     | Noticed a centaur warrior
 11941 | D:10     | Killed a centaur warrior
 11942 | D:10     | Reached XP level 11. HP: 12/85 MP: 10/24
 12115 | D:10     | Noticed a seven-headed hydra
 12118 | D:10     | Killed a seven-headed hydra
 12119 | D:10     | Reached skill level 3 in Ice Magic
 12148 | D:10     | Learned a level 2 spell: Call Imp
 12157 | D:10     | Found a snail-covered altar of Cheibriados.
 12373 | D:10     | Reached skill level 5 in Fighting
 12386 | D:10     | Killed a centaur warrior
 12387 | D:10     | Reached skill level 4 in Ice Magic
 12516 | D:10     | Offered knowledge of Hailstorm by Vehumet.
 12521 | D:10     | Learned a level 3 spell: Hailstorm
 12614 | D:10     | Found a shimmering altar of Xom.
 12643 | D:10     | Found a portal to a secret trove of treasure.
 12703 | D:10     | Identified the amulet "Luv Bej" {Regen+ Dex+7}
 12719 | D:10     | Reached skill level 5 in Dodging
 12934 | D:10     | Identified the +0 helmet "Vaimyf" {rElec rC+}
 13042 | D:10     | Reached *** piety under Vehumet
 13220 | Lair:1   | Entered Level 1 of the Lair of Beasts
 13360 | Lair:1   | Reached skill level 5 in Ice Magic
 13605 | Lair:1   | Noticed a five-headed hydra
 13615 | Lair:1   | Killed a five-headed hydra
 13781 | Lair:1   | Offered knowledge of Fulminant Prism by Vehumet.
 14044 | Lair:1   | Reached skill level 10 in Conjurations
 14054 | Lair:1   | Reached skill level 6 in Ice Magic
 14054 | Lair:1   | Reached XP level 12. HP: 80/97 MP: 4/25
 14509 | Lair:2   | Reached skill level 10 in Spellcasting
 15163 | Lair:2   | Reached **** piety under Vehumet
 15213 | Lair:2   | Noticed a six-headed hydra
 15216 | Lair:2   | Killed a six-headed hydra
 15217 | Lair:2   | Reached skill level 7 in Ice Magic
 15221 | Lair:2   | Offered knowledge of Freezing Cloud by Vehumet.
 15228 | Lair:2   | Learned a level 5 spell: Freezing Cloud
 15487 | Lair:2   | Learned a level 3 spell: Ozocubu's Armour
 15737 | Lair:3   | Noticed Josephine
 15742 | Lair:3   | Killed Josephine
 15923 | Lair:3   | Reached skill level 8 in Ice Magic
 16222 | Lair:3   | Noticed a six-headed hydra
 16230 | Lair:3   | Killed a six-headed hydra
 16281 | Lair:3   | Reached XP level 13. HP: 108/108 MP: 12/27
 16820 | Lair:3   | Found a staircase to the Snake Pit.
 16995 | Lair:3   | Found a staircase to the Swamp.
 17270 | Lair:4   | Reached skill level 9 in Ice Magic
 18721 | Lair:5   | Entered Level 5 of the Lair of Beasts
 18721 | Lair:5   | Noticed Kirke
 18731 | Lair:5   | Killed Kirke
 18731 | Lair:5   | Reached ***** piety under Vehumet
 18882 | Lair:5   | Reached skill level 10 in Ice Magic
 18963 | Lair:5   | Offered knowledge of Brom's Barrelling Boulder by Vehumet.
 19226 | Lair:5   | Reached skill level 10 in Fighting
 19230 | Lair:5   | Reached XP level 14. HP: 112/121 MP: 16/29
 20162 | Lair:5   | Found a staircase to the Slime Pits.
 20163 | Lair:5   | Found a viscous altar of Jiyva.
 21015 | D:11     | Found a hide-covered altar of Uskayaw.
 21567 | D:11     | Found Vejaj Cuiz's Weapon Shoppe.
 21792 | D:12     | Reached skill level 11 in Ice Magic
 22250 | D:12     | Found a glowing golden altar of the Shining One.
 22570 | D:12     | Found a staircase to the Orcish Mines.
 22809 | Orc:1    | Entered Level 1 of the Orcish Mines
 22809 | Orc:1    | Noticed Harold
 22813 | Orc:1    | Offered knowledge of Irradiate by Vehumet.
 22818 | Orc:1    | Killed Harold
 22818 | Orc:1    | Noticed Erica
 22832 | Orc:1    | Killed Erica
 23194 | Orc:2    | Entered Level 2 of the Orcish Mines
 23558 | Orc:2    | Found a runed translucent gate.
 23559 | Orc:2    | Found a runed translucent gate.
 23559 | Orc:2    | Found a runed translucent gate.
 23560 | Orc:2    | Found an opulent altar of Gozag.
 23561 | Orc:2    | Noticed Laqueoixx's ghost (journeyman OpSh)
 24140 | Orc:2    | Noticed an orc warlord
 24155 | Orc:2    | Killed an orc warlord
 24156 | Orc:2    | Reached skill level 10 in Air Magic
 24566 | Orc:2    | Found Byfruab's Antique Weapon Shoppe.
 24571 | Orc:2    | Found Golats Ciecw's Antique Armour Emporium.
 24587 | Orc:2    | Bought a masterwork cloak for 304 gold pieces
 24587 | Orc:2    | Identified the -1 cloak of the Rose {Str+3} (You bought it
                  | in a shop on level 2 of the Orcish Mines)
 24603 | Orc:2    | Found a staircase to the Elven Halls.
 24652 | Orc:2    | Offered knowledge of Eringya's Noxious Bog by Vehumet.
 25022 | Orc:2    | Reached XP level 15. HP: 127/130 MP: 15/31
 25179 | Orc:1    | Noticed Fannar
 25183 | Orc:1    | Killed Fannar
 25437 | Orc:2    | Noticed Saint Roka
 25456 | Orc:2    | Killed Saint Roka
 25457 | Orc:2    | Reached skill level 10 in Dodging
 25655 | Orc:2    | Found Tykah's Weapon Shop.
 25721 | Orc:2    | Found Eruphuiq's Weapon Boutique.
 25918 | Elf:1    | Entered Level 1 of the Elven Halls
 26291 | D:13     | Reached skill level 12 in Ice Magic
 26300 | D:13     | Got Nudiobb's Textbook on Rime
 26314 | D:13     | Learned a level 9 spell: Polar Vortex
 26486 | D:13     | Found a frozen archway.
 26495 | IceCv    | Entered an ice cave
 26609 | IceCv    | Offered knowledge of Arcjolt by Vehumet.
 27053 | IceCv    | Found an ancient bone altar of Kikubaaqudgha.
 27735 | IceCv    | Learned a level 5 spell: Arcjolt
 28331 | D:13     | Found a runed translucent gate.
 28332 | D:13     | Found a runed translucent gate.
 28332 | D:13     | Found a runed translucent gate.
 28332 | D:13     | Noticed greynaab's ghost (journeyman GrHW)
 28337 | D:13     | Noticed Frances
 28346 | D:13     | Killed Frances
 28500 | D:13     | Killed greynaab's ghost
 28564 | D:13     | Identified the ring "Nout" {rF+ Will+ MP+9 Str+7}
 28868 | D:14     | Reached skill level 13 in Ice Magic
 28871 | D:14     | Noticed Rupert
 28883 | D:14     | Killed Rupert
 29330 | D:14     | Found a gate to the Vaults.
 29840 | Snake:1  | Entered Level 1 of the Snake Pit
 29929 | Snake:1  | Found Zietyfri's Weapon Emporium.
 29950 | Snake:1  | Offered knowledge of Conjure Ball Lightning by Vehumet.
 30227 | Snake:1  | Reached XP level 16. HP: 105/138 MP: 21/33
 30263 | Snake:1  | Reached skill level 14 in Ice Magic
 30664 | Snake:1  | Found Sodoloup's Book Shoppe.
 30665 | Snake:1  | Found Iwnazuic's Jewellery Boutique.
 30666 | Snake:1  | Found Virhul's Book Shoppe.
 30679 | Snake:1  | Bought the ring "Esemil" {Will+ rCorr} for 456 gold pieces
 30976 | Snake:1  | Reached skill level 15 in Ice Magic
 31748 | Snake:2  | Reached skill level 16 in Ice Magic
 32268 | Snake:2  | Offered knowledge of Fireball by Vehumet.
 32555 | Snake:2  | Reached skill level 17 in Ice Magic
 32783 | Snake:1  | Reached skill level 18 in Ice Magic
 33076 | Snake:1  | Identified the staff of Fortitude {rN+ Stlth+ Necro}
 33169 | Snake:2  | Found Ruecwoza's Jewellery Emporium.
 33375 | Snake:2  | Found Weqiskuts's Assorted Antiques.
 33386 | Snake:2  | Bought a scroll labelled UHOAHE PEOFUO for 33 gold pieces
 33386 | Snake:2  | Bought 2 scrolls labelled ECZIMN IROVIR for 66 gold pieces
 33965 | Snake:3  | Reached XP level 17. HP: 145/145 MP: 30/34
 34107 | Snake:3  | Reached skill level 19 in Ice Magic
 34329 | Snake:3  | Reached skill level 1 in Shields
 34957 | Snake:3  | Offered knowledge of Orb of Destruction by Vehumet.
 34968 | Snake:3  | Learned a level 7 spell: Orb of Destruction
 35276 | Snake:4  | Entered Level 4 of the Snake Pit
 35280 | Snake:4  | Found Ytupowir's Magic Scroll Emporium.
 35288 | Snake:4  | Bought a scroll of teleportation for 45 gold pieces
 35288 | Snake:4  | Found Ubaeja's Armour Shoppe.
 35985 | Snake:4  | Reached skill level 5 in Shields
 35988 | Snake:4  | Reached skill level 20 in Ice Magic
 37118 | Snake:4  | Noticed a quicksilver dragon
 37123 | Snake:4  | Killed a quicksilver dragon
 37218 | Snake:4  | Got a serpentine rune of Zot
 38396 | Elf:1    | Found a huge runed translucent gate.
 38410 | Elf:1    | Found a huge runed translucent gate.
 38410 | Elf:1    | Found a huge runed translucent gate.
 38413 | Elf:1    | Found a huge runed translucent gate.
 38413 | Elf:1    | Found a huge runed translucent gate.
 38413 | Elf:1    | Found a huge runed translucent gate.
 38413 | Elf:1    | Found a huge runed translucent gate.
 38414 | Elf:1    | Found a huge runed translucent gate.
 38414 | Elf:1    | Found a huge runed translucent gate.
 38414 | Elf:1    | Found a huge runed translucent gate.
 38414 | Elf:1    | Found a huge runed translucent gate.
 38414 | Elf:1    | Found a huge runed translucent gate.
 38415 | Elf:1    | Found a huge runed translucent gate.
 38415 | Elf:1    | Found a huge runed translucent gate.
 38415 | Elf:1    | Found a huge runed translucent gate.
 38416 | Elf:1    | Found a huge runed translucent gate.
 38416 | Elf:1    | Found a huge runed translucent gate.
 38416 | Elf:1    | Found a huge runed translucent gate.
 38416 | Elf:1    | Found a huge runed translucent gate.
 38417 | Elf:1    | Found a huge runed translucent gate.
 38431 | Elf:1    | Noticed a deep elf blademaster
 38680 | Elf:1    | Found Joystrium's Book Shoppe.
 39078 | Elf:2    | Identified the ring of the Present {Str+3 Int+6}
 39166 | Elf:2    | Found a crumbling gateway.
 39175 | Desolati | Entered the Desolation of Salt
 39264 | Desolati | Reached skill level 21 in Ice Magic
 39318 | Desolati | Reached ****** piety under Vehumet
 39320 | Desolati | Reached XP level 18. HP: 114/151 MP: 35/35
 39540 | Desolati | Identified the ring of Music {rF+ rC+}
 39543 | Desolati | Identified the +0 scimitar "Pozxecu" {drain, rC+ Str+3}
 39551 | Desolati | Got the Handbook of Lethal Synthesis
 39553 | Desolati | Got the Tome of Air and Portals
 39593 | Desolati | Reached skill level 10 in Shields
 39611 | Desolati | Reached skill level 22 in Ice Magic
 39646 | Desolati | Identified the amulet of Gozag's Envy {Spirit rElec Int+3
                  | Stlth+}
 39648 | Desolati | Identified the +9 flail "Xexiyl" {freeze, rN+}
 39650 | Desolati | Got Sif Muna's Excursus on Assembling and Coordinates
 39653 | Desolati | Identified the +2 leather armour of Tender Moments {Int+2}
 39667 | Desolati | Identified the ring "Wantanat" {Wiz Str+4}
 39835 | Desolati | Found the +3 pair of gauntlets of War {Slay+5}
 39859 | Desolati | Identified the +5 ring mail of Relativism {rCorr Str+3
                  | Dex-3 Slay+3}
 39871 | Desolati | Identified the amulet of Biddufeu {RegenMP ^Contam rF++ rC-
                  | Dex+9}
 40231 | Elf:2    | Reached skill level 1 in Evocations
 40305 | Elf:2    | Identified a scroll of acquirement
 40306 | Elf:2    | Acquired the amulet "Kyrori" {RegenMP Rampage Will+ Str-2
                  | Dex+3}
 40531 | Elf:2    | Found a runed translucent gate.
 40531 | Elf:2    | Found a runed translucent gate.
 40531 | Elf:2    | Found a runed translucent gate.
 41353 | Elf:2    | Offered knowledge of Lehudib's Crystal Spear by Vehumet.
 41353 | Elf:2    | Offered knowledge of Shatter by Vehumet.
 41353 | Elf:2    | Offered knowledge of Chain Lightning by Vehumet.
 41625 | Elf:3    | Entered Level 3 of the Elven Halls
 41834 | Elf:3    | Reached XP level 19. HP: 152/160 MP: 32/37
 42292 | Elf:3    | Reached skill level 15 in Conjurations
 42999 | Elf:3    | Identified the +0 troll leather armour of Zoos {rPois
                  | Regen+ Str+3}
 43025 | Elf:3    | Identified the +1 hand axe of Amorality {pain, Dex+3 SInv}
 43031 | Elf:3    | Identified the +2 chain mail of Perfidy {rC+}
 43032 | Elf:3    | Identified the +5 rapier "Wymeuss" {heavy, rElec rPois}
 43032 | Elf:3    | Identified the ring "Pazawn" {rElec rF+ rC+ Will+}
 43500 | Elf:3    | Identified the +6 sling of Wuym Esa {freeze, MP+9 Int-4
                  | Stlth+}
 43515 | Elf:3    | Got Nassem's Vellum of the Wendigo and Calling
 43517 | Elf:3    | Got the Thoughts on the Brumal Mausoleum
 43586 | Elf:3    | Identified the staff "Imubiame" {rElec Stlth+ Earth}
 43669 | Elf:3    | Got Aghiro's Tome of the Queen Bee
 43679 | Elf:3    | Identified the +7 arbalest "Otaxes" {penet, ^Drain rElec
                  | Int+2}
 44128 | Swamp:1  | Entered Level 1 of the Swamp
 44960 | Swamp:2  | Reached skill level 5 in Evocations
 45536 | Swamp:2  | Found a runed translucent door.
 45679 | Swamp:2  | Reached skill level 1 in Translocations
 45685 | Swamp:2  | Reached skill level 23 in Ice Magic
 46302 | Swamp:3  | Identified the serpent talisman of Xufokuca {Fly Str+3
                  | Int-3}
 46302 | Swamp:3  | Noticed Aizul
 46310 | Swamp:3  | Killed Aizul
 46470 | Swamp:3  | Reached XP level 20. HP: 157/171 MP: 19/38
 46946 | Swamp:4  | Entered Level 4 of the Swamp
 47996 | Swamp:4  | Got a decaying rune of Zot
 48105 | Swamp:4  | Reached skill level 15 in Spellcasting
 48772 | Vaults:1 | Entered Level 1 of the Vaults
 49671 | Vaults:1 | Reached skill level 1 in Staves
 49945 | Vaults:1 | Found Zegaqedeu's Antique Weapon Boutique.
 49952 | Vaults:1 | Bought an iridescent spear for 208 gold pieces
 49952 | Vaults:1 | Identified the +3 spear of Summer {flame, rElec rPois rCorr
                  | Str-3} (You bought it in a shop on level 1 of the Vaults)
 51605 | Vaults:2 | Reached XP level 21. HP: 170/181 MP: 39/40
 52389 | Vaults:2 | Paralysed by a formless jellyfish for 1 turns
 52705 | Vaults:2 | Found Pumelim's Antique Weapon Emporium.
 53111 | Vaults:3 | You fall into a shaft and drop 1 floor!
 53186 | Vaults:4 | Found a flickering gateway to a bazaar.
 53193 | Bazaar   | Entered a bazaar
 53193 | Bazaar   | Found Ykloraux's Antique Weapon Emporium.
 53204 | Bazaar   | Found Wojajiem's Antique Armour Shop.
 53215 | Bazaar   | Found Siytaup's Distillery.
 53223 | Bazaar   | Bought a potion of heal wounds for 65 gold pieces
 53223 | Bazaar   | Bought a potion of heal wounds for 65 gold pieces
 53223 | Bazaar   | Bought 2 potions of curing for 78 gold pieces
 53226 | Bazaar   | Found Oharoi's General Store.
 53227 | Bazaar   | Found Hulorch's Book Boutique.
 53251 | Bazaar   | Learned a level 8 spell: Lehudib's Crystal Spear
 53368 | Vaults:4 | Reached skill level 1 in Earth Magic
 54072 | Vaults:3 | Found a staircase to the Crypt.
 54136 | Vaults:3 | Reached skill level 24 in Ice Magic
 54255 | Vaults:3 | Found a runed translucent gate.
 54255 | Vaults:3 | Found a runed translucent gate.
 54257 | Vaults:3 | Found a runed translucent gate.
 54257 | Vaults:3 | Noticed hyperkahler's ghost (veteran MiFi)
 54312 | Vaults:3 | Noticed Margery
 54324 | Vaults:3 | Killed Margery
 54409 | Vaults:3 | Noticed Jory
 54420 | Vaults:3 | Killed Jory
 54590 | Vaults:3 | Identified the +11 plate armour "Akkidosk" {-Cast Will+
                  | Dex+3}
 54629 | Vaults:3 | Found Witou's Jewellery Shop.
 54674 | Vaults:3 | Noticed Norris
 54681 | Vaults:3 | Killed Norris
 54682 | Vaults:3 | Reached skill level 15 in Fighting
 54683 | Vaults:3 | Identified the amulet of Wotygek {Spirit ^Fragile Fly Int+3
                  | Dex+5 Slay+3}
 54967 | Vaults:3 | Identified the +9 shortbow "Xoiru" {speed, rCorr}
 55158 | Vaults:3 | Killed the ghostly Margery
 55236 | Vaults:3 | Reached XP level 22. HP: 135/192 MP: 35/41
 55635 | Vaults:3 | Killed hyperkahler's ghost
 57376 | D:14     | Found a white marble altar of Elyvilon.
 57527 | D:15     | Entered Level 15 of the Dungeon
 57527 | D:15     | Noticed Myomowye's ghost (journeyman MiFi)
 57527 | D:15     | Found a runed translucent door.
 57533 | D:15     | Found Reydd's Distillery.
 57635 | D:15     | Found Uniofo's Distillery.
 57748 | D:15     | Killed Myomowye's ghost
 57814 | D:15     | Found Foge's Jewellery Boutique.
 57849 | D:15     | Found a runed translucent door.
 58077 | D:15     | Found Xehe's Distillery.
 58302 | D:15     | Found a staircase to the Depths.
 58424 | Depths:1 | Entered Level 1 of the Depths
 58572 | Depths:1 | Noticed Mara
 58590 | Depths:1 | Killed Mara
 58968 | Depths:1 | Found a gateway to Hell.
 59162 | Depths:1 | Found a broken altar of Ashenzari.
 59233 | Depths:1 | Found a one-way gate leading to the halls of Pandemonium.
 59590 | Depths:1 | Reached skill level 5 in Earth Magic
 60191 | Depths:2 | Reached XP level 23. HP: 202/202 MP: 43/43
 60972 | Depths:2 | Identified the staff of the Forging Gods {rPois rC++ Stlth-
                  | Alchemy}
 62249 | Depths:3 | Reached skill level 25 in Ice Magic
 62633 | Depths:3 | Identified the +4 trident of Hesiazoh {speed, Will+++ rCorr
                  | Str+7 Stlth-}
 62756 | Depths:3 | Found a one-way gate to the infinite horrors of the Abyss.
 63342 | Depths:4 | Entered Level 4 of the Depths
 63832 | Depths:4 | Noticed Grunn
 63837 | Depths:4 | Killed Grunn
 64172 | Depths:4 | Found a gate to the Realm of Zot.
 64518 | Depths:4 | Noticed Parghit
 64761 | Depths:4 | Identified the +1 short sword of Hophiodgh {freeze, rPois
                  | Will+ Str-3 Dex+6}
 64821 | Depths:4 | Noticed a dread lich
 64822 | Depths:4 | Found a one-way gateway to a ziggurat.
 64822 | Depths:4 | Noticed an ancient lich
 64866 | Depths:4 | Killed a dread lich
 64867 | Depths:4 | Reached XP level 24. HP: 127/212 MP: 42/44
 64867 | Depths:4 | Killed an ancient lich
 65135 | Depths:4 | Killed Parghit
 66108 | Slime:1  | Entered Level 1 of the Pits of Slime
 66738 | Slime:2  | Paralysed by a formless jellyfish for 1 turns
 66881 | Slime:3  | Reached skill level 10 in Earth Magic
 66882 | Slime:3  | Gained mutation: You occasionally lose the ability to drink
                  | potions when taking damage. [a shining eye]
 67220 | Slime:4  | Gained mutation: You are frail. (-10% HP) [a shining eye]
 67221 | Slime:4  | Gained mutation: Potions are less effective at restoring
                  | your health. [a shining eye]
 67444 | Slime:3  | Gained mutation: Your body sometimes deteriorates upon
                  | taking damage. [a shining eye]
 68189 | Slime:5  | Entered Level 5 of the Pits of Slime
 68345 | Slime:5  | Gained mutation: Your muscles are strong. (Str +4, Int/Dex
                  | -1) [a shining eye]
 68759 | Slime:5  | Lost mutation: Potions are less effective at restoring your
                  | health. [potion of mutation]
 68759 | Slime:5  | Lost mutation: Your body sometimes deteriorates upon taking
                  | damage. [potion of mutation]
 68759 | Slime:5  | Lost mutation: You occasionally lose the ability to drink
                  | potions when taking damage. [potion of mutation]
 68759 | Slime:5  | Gained mutation: You have a pair of small antennae on your
                  | head. [potion of mutation]
 68771 | Slime:5  | Noticed the Royal Jelly
 68781 | Slime:5  | Killed the Royal Jelly
 68896 | Slime:5  | Identified the staff "Tinwaga" {rN+ Str+3 SInv Summ Necro}
 68918 | Slime:5  | Identified the staff of the Slashing Boar {rElec rPois
                  | rC+++ Dex-4 Air}
 68923 | Slime:5  | Got a slimy rune of Zot
 68939 | Slime:5  | Identified the staff of Kindness {rCorr Str-4 Int+2 Conj}
 68991 | Slime:5  | Identified the +6 mace of the Shallot {flame, rPois rC+}
 68994 | Slime:5  | Identified the ring of Intercession {rPois rN+}
 69501 | Slime:5  | Lost mutation: Your muscles are strong. (Str +4, Int/Dex
                  | -1) [potion of mutation]
 69501 | Slime:5  | Lost mutation: You are frail. (-10% HP) [potion of
                  | mutation]
 69501 | Slime:5  | Gained mutation: Your flesh is heat resistant. (rF+)
                  | [potion of mutation]
 69501 | Slime:5  | Gained mutation: You are weak. (Str -2) [potion of
                  | mutation]
 69501 | Slime:5  | Gained mutation: You have hidden genetic defects. [potion
                  | of mutation]
 69502 | Slime:5  | Lost mutation: You have hidden genetic defects. [potion of
                  | mutation]
 69502 | Slime:5  | Lost mutation: You are weak. (Str -2) [potion of mutation]
 69502 | Slime:5  | Gained mutation: You have sharp toenails. [potion of
                  | mutation]
 69502 | Slime:5  | Gained mutation: You expend magic power (3 MP) to
                  | strengthen your wands. [potion of mutation]
 69975 | Vaults:5 | Entered Level 5 of the Vaults
 69980 | Vaults:5 | Reached XP level 25. HP: 221/221 MP: 45/45
 69985 | Vaults:5 | Noticed Boris
 69995 | Vaults:5 | Killed Boris
 70021 | Vaults:5 | Noticed an ancient lich
 70031 | Vaults:5 | Killed an ancient lich
 70220 | Vaults:5 | Reached skill level 15 in Dodging
 70392 | Vaults:5 | Found Hutyrak's Magic Scroll Boutique.
 70501 | Vaults:5 | Bought a scroll of enchant armour for 82 gold pieces
 70514 | Vaults:5 | Reached XP level 26. HP: 161/231 MP: 46/46
 70921 | Vaults:5 | Found Jiofim's Magic Scroll Shop.
 70925 | Vaults:5 | Noticed an ancient lich
 70931 | Vaults:5 | Noticed an ancient lich
 70983 | Vaults:5 | Killed an ancient lich
 71522 | Vaults:5 | Found Isowk's Distillery.
 71526 | Vaults:5 | Bought a potion of heal wounds for 105 gold pieces
 71526 | Vaults:5 | Bought a potion of curing for 63 gold pieces
 71526 | Vaults:5 | Bought a potion of curing for 63 gold pieces
 71529 | Vaults:5 | Found Jyidadda's Antique Armour Emporium.
 71549 | Vaults:5 | Killed an ancient lich
 71625 | Vaults:5 | Found Lutuemucu's Armour Shoppe.
 71625 | Vaults:5 | Noticed an ancient lich
 71629 | Vaults:5 | Killed an ancient lich
 72001 | Vaults:5 | Got a silver rune of Zot
 72454 | Vaults:5 | Found Kiuse's Distillery.
 72454 | Vaults:5 | Found Nuomm's Distillery.
 72459 | Vaults:5 | Bought a potion of heal wounds for 85 gold pieces
 72465 | Vaults:5 | Found Uturph's Magic Scroll Boutique.
 72466 | Vaults:5 | Bought a potion of heal wounds for 100 gold pieces
 72758 | D:10     | You paid a toll of +4 storm dragon scales to enter a
                  | treasure trove
 72759 | Trove    | Entered a treasure trove
 72813 | Trove    | Found the +0 mask of the Dragon {Will+ Slay+3 SInv}
 73147 | Zot:1    | Entered Level 1 of the Realm of Zot
 74290 | Zot:1    | Noticed an orb of fire
 74291 | Zot:1    | Gained mutation: Your health recovers twice as slowly from
                  | being drained. [an orb of fire]
 74294 | Zot:1    | Killed an orb of fire
 74560 | Zot:1    | Identified the ring "Halu" {rElec Will- EV+5 Int+2 Stlth+}
 74769 | Zot:2    | Reached XP level 27. HP: 240/240 MP: 40/46
 75887 | Zot:3    | Identified the +5 ring mail "Deackaz" {rF+}
 75977 | Zot:3    | Found a transporter.
 76100 | Zot:3    | Reached skill level 1 in Polearms
 76984 | Zot:3    | Noticed a dread lich
 76987 | Zot:3    | Noticed a dread lich
 76987 | Zot:3    | Noticed a dread lich
 76989 | Zot:3    | Noticed a dread lich
 76994 | Zot:3    | Killed a dread lich
 76995 | Zot:3    | Killed a dread lich
 76996 | Zot:3    | Killed a dread lich
 76997 | Zot:3    | Reached skill level 15 in Shields
 76997 | Zot:3    | Killed a dread lich
 77185 | Zot:3    | Identified the staff of Jocular Blind Justice {rElec rF+
                  | Dex-3 Tloc Air}
 77196 | Zot:3    | Identified the +4 lajatang of Disharmony {freeze, *Rage
                  | Int+3 Stlth+}
 77346 | Zot:4    | Found a huge runed translucent gate.
 77346 | Zot:4    | Found a huge runed translucent gate.
 77346 | Zot:4    | Found a huge runed translucent gate.
 77354 | Zot:4    | Found a huge runed translucent gate.
 77354 | Zot:4    | Found a huge runed translucent gate.
 77354 | Zot:4    | Found a huge runed translucent gate.
 77354 | Zot:4    | Found a huge runed translucent gate.
 77354 | Zot:4    | Found a huge runed translucent gate.
 77354 | Zot:4    | Found a huge runed translucent gate.
 77355 | Zot:4    | Found a huge runed translucent gate.
 77355 | Zot:4    | Found a huge runed translucent gate.
 77355 | Zot:4    | Found a huge runed translucent gate.
 77355 | Zot:4    | Found a huge runed translucent gate.
 77355 | Zot:4    | Found a huge runed translucent gate.
 77356 | Zot:4    | Found a huge runed translucent gate.
 77357 | Zot:4    | Found a huge runed translucent gate.
 77360 | Zot:4    | Found a huge runed translucent gate.
 77370 | Zot:4    | Found a huge runed translucent gate.
 77370 | Zot:4    | Found a huge runed translucent gate.
 77370 | Zot:4    | Found a huge runed translucent gate.
 77370 | Zot:4    | Found a huge runed translucent gate.
 77370 | Zot:4    | Found a huge runed translucent gate.
 77404 | Zot:4    | Found a huge runed translucent gate.
 77818 | Zot:4    | Noticed an ancient lich
 77826 | Zot:4    | Killed an ancient lich
 77832 | Zot:4    | Reached skill level 5 in Stealth
 78168 | Zig:1    | Entered Level 1 of a ziggurat
 78285 | Zig:2    | Entered Level 2 of a ziggurat
 78303 | Zig:3    | Entered Level 3 of a ziggurat
 78318 | Zig:3    | Identified the +9 lajatang "Quaroud" {freeze, rElec rCorr
                  | Str+2 Dex-5}
 78506 | Zig:4    | Entered Level 4 of a ziggurat
 78859 | Zig:5    | Entered Level 5 of a ziggurat
 78864 | Zig:5    | Noticed an ancient lich
 78865 | Zig:5    | Noticed a dread lich
 78869 | Zig:5    | Killed an ancient lich
 78874 | Zig:5    | Killed a dread lich
 78930 | Zig:5    | Lost mutation: You have a pair of small antennae on your
                  | head. [potion of mutation]
 78930 | Zig:5    | Lost mutation: You expend magic power (3 MP) to strengthen
                  | your wands. [potion of mutation]
 78930 | Zig:5    | Lost mutation: Your health recovers twice as slowly from
                  | being drained. [potion of mutation]
 78930 | Zig:5    | Gained mutation: You possess an exceptional clarity of
                  | mind. [potion of mutation]
 78930 | Zig:5    | Gained mutation: You are robust. (+10% HP) [potion of
                  | mutation]
 78930 | Zig:5    | Gained mutation: You have sharp fingernails. [potion of
                  | mutation]
 79252 | Zot:4    | Found a huge runed translucent gate.
 79642 | Zot:4    | Found a huge runed translucent gate.
 79642 | Zot:4    | Found a huge runed translucent gate.
 79647 | Zot:4    | Found a huge runed translucent gate.
 79648 | Zot:4    | Found a huge runed translucent gate.
 79648 | Zot:4    | Found a huge runed translucent gate.
 79648 | Zot:4    | Found a huge runed translucent gate.
 79648 | Zot:4    | Found a huge runed translucent gate.
 79650 | Zot:4    | Found a huge runed translucent gate.
 79651 | Zot:4    | Found a huge runed translucent gate.
 79652 | Zot:4    | Found a huge runed translucent gate.
 79652 | Zot:4    | Found a huge runed translucent gate.
 79656 | Zot:4    | Found a huge runed translucent gate.
 79836 | Zot:5    | Entered Level 5 of the Realm of Zot
 80155 | Zot:5    | Reached skill level 26 in Ice Magic
 80207 | Zot:5    | Noticed an ancient lich
 80211 | Zot:5    | Killed an ancient lich
 80213 | Zot:5    | Noticed a dread lich
 80214 | Zot:5    | Reached skill level 5 in Polearms
 80218 | Zot:5    | Noticed an orb of fire
 80231 | Zot:5    | Noticed an orb of fire
 80378 | Zot:5    | Killed a dread lich
 80382 | Zot:5    | Gained mutation: Your mind is acute. (Int +4, Str/Dex -1)
                  | [an orb of fire]
 80383 | Zot:5    | Killed an orb of fire
 80486 | Zot:5    | Noticed an orb of fire
 80491 | Zot:5    | Killed an orb of fire
 80593 | Zot:5    | Noticed an orb of fire
 80605 | Zot:5    | Killed an orb of fire
 80675 | Zot:5    | Noticed an orb of fire
 80682 | Zot:5    | Killed an orb of fire
 80683 | Zot:5    | Noticed a dread lich
 80685 | Zot:5    | Noticed an ancient lich
 80686 | Zot:5    | Noticed an orb of fire
 80687 | Zot:5    | Killed a dread lich
 80689 | Zot:5    | Killed an orb of fire
 80691 | Zot:5    | Killed an ancient lich
 80694 | Zot:5    | Killed an orb of fire
 80938 | Zot:5    | Noticed an orb of fire
 80947 | Zot:5    | Killed an orb of fire
 81118 | Zot:5    | Reached skill level 15 in Earth Magic
 81136 | Zot:5    | Got the Orb of Zot
 81359 | Depths:1 | Noticed Foungomo the pandemonium lord
 81523 | D:10     | Found Mes Yret's Distillery.
 81743 | D:$      | Escaped with the Orb!

Illustrated notes

Levels and vault maps discovered:
D:1:      tarquinn_simple_flora_water_b, layout_basic
D:2:      layout_loops_cross
D:3:      layout_rooms, overflow_temple_1_default, minmay_bisected
D:4:      kennysheep_goblin_castle, layout_loops_ring, trog_antimagical,
          zin_treasury, lemuel_mausoleum_altar_kikubaaqudgha, serial_shops,
          nicolae_diamond_shop
D:5:      layout_loops_ring, chequers_temple_overflow_statue_of_worship,
          old_standard_altar, fedhas_altar_2, gammafunk_ghost_arena,
          serial_shops, nicolae_shop_gibbet_a_chance, st_stairs_4
D:6:      layout_loops_ring, uniq_jeremiah, uniq_eustachio
D:7:      layout_rooms, general_overflow_altar, nemelex_altar_shiori,
          minmay_temple_entry_mist
D:8:      layout_layer_cave, mainiacjoe_overflow_alcove_4,
          makhleb_altar_promises_db, kennysheep_cross_bottleneck
D:9:      layout_gridville, enter_bailey_5
D:10:     minmay_cut_squares, layout_irregular_city, cheibriados_altar_1,
          lemuel_crystal_altar, lair_entry_dummy, serial_shops, shop,
          enter_trove_1
D:11:     layout_basic, serial_shops, shop, nicolae_uskayaw_en_pointe
D:12:     layout_roguey, david_orc_1_choice, nicolae_sextant,
          nicolae_tso_swordbearing_angel
D:13:     layout_roguey, portal_ice_cave_entry_pillars_2,
          gammafunk_ghost_hydra_chop, minmay_more_statues, uniq_frances
D:14:     nicolae_cairo_tiling_very_big, layout_cave_pools, david_vaults_2,
          old_standard_altar, serial_library_hellmonk_junction,
          reono_crystal_passage, kennysheep_generic_room_3, uniq_rupert
D:15:     gammafunk_enter_depths_forms, layout_cave_pools, serial_shops, shop,
          nicolae_shop_tiny_real_fake_doors, nicolae_shop_tiny_glass,
          nicolae_diamond_shop, hellmonk_ghost_happy_afterlife, minivault_13
Lair:1:   layout_regular_city, serial_bayou_shore_a
Lair:2:   layout_long_grid
Lair:3:   layout_misc_corridors, palyth_hydra_swamp_entry,
          minmay_snake_entry_guardpost_small, uniq_josephine
Lair:4:   layout_small_grid, grunt_megastairs_3, lemuel_fruit_tree
Lair:5:   gammafunk_lair_ancient_temple, layout_cave_shapes, slime_entry_1,
          st_stairs_12, uniq_kirke
Swamp:1:  layout_basic_swamp, evilmike_swamp_ruin_house_4, swamp_pool_5,
          nicolae_swamp_super_fun_site
Swamp:2:  layout_falls_marsh, evilmike_swamp_ruin_rubble_1, swamp_pool_3,
          nzn_swamp_weyward_sisters
Swamp:3:  cheibrodos_swamp_monstrosity, layout_falls_marsh,
          evilmike_swamp_ruin_rubble_2, uniq_aizul
Swamp:4:  nzn_swamp_witches_coven, layout_basic_swamp,
          infiniplex_staircase_pool_2
Snake:1:  nicolae_snake_attic_fulla_snakes, layout_onion_interference,
          serial_shops, nicolae_shop_hallway_stairs, nicolae_snake_springs,
          serial_bayou_shore_b, serial_bayou_shore_b, minmay_shop_grove
Snake:2:  layout_grid_shapes, serial_shops, shop,
          nicolae_snake_slithery_hallway, st_stairs_9,
          minmay_shop_enchanted_jewellery, grunt_megastairs_1,
          serial_bayou_shore_b
Snake:3:  layout_grid_maze, grunt_megastairs_5
Snake:4:  hellmonk_snake_rune_quicksilver_temple, layout_cave_town,
          minmay_shoptagon
Slime:1:  layout_caves, nicolae_slime_getting_an_eyeful
Slime:2:  layout_caves
Slime:3:  cheibrodos_slime_lost_civilization_3, layout_caves, special_room
          [special_room_jelly]
Slime:4:  layout_caves
Slime:5:  slime_pit_nicolae_amoeboid
Orc:1:    layout_caves, uniq_erica, uniq_fannar, uniq_harold
Orc:2:    grunt_orc_community_town_hall, layout_caves,
          grunt_orc_community_big_house_1, grunt_orc_community_big_house_1,
          grunt_orc_community_house_2, grunt_orc_community_house_3,
          grunt_orc_community_house_2, grunt_orc_community_house_2,
          grunt_orc_community_house_2, ebering_ghost_gozag, uniq_saint_roka
Elf:1:    layout_loops_cross, serial_shops, nicolae_shop_back_alley_shop,
          hangedman_elf_represent
Elf:2:    nicolae_elf_blades_splatter_lattice [nicolae_blade_entry_antechamber],
          layout_geoelf_diagonals, portal_desolation_entry_nicolae_slug,
          dk_noncrumbling_4, lemuel_elevator
Elf:3:    elf_hall_gauntlet_narrow, layout_loops_cross, special_room
          [special_room_orc]
Vaults:1: vaults_mumra_minichess, nicolae_vaults_diagonal_hallway_8, v_rooms_3,
          nicolae_vaults_closet_pinwheel_5, nicolae_vaults_sealed_display,
          vaults_room_fours, layout_vaults_quadrants, serial_shops, shop
Vaults:2: st_eye, v_pattern_1, v_misc_10, v_misc_11,
          nicolae_vaults_storage_closets_1, vaults_mumra_lcd,
          nicolae_vaults_turnstiles, nicolae_vaults_octothorpe,
          nicolae_vaults_little_squares_5, nicolae_vaults_tangram_2,
          ontoclasm_vaults_gateway, layout_vaults_omnicross, serial_shops, shop
Vaults:3: biasface_ghost_orc_armoury, vaults_room_corners,
          nicolae_vaults_trapezoid_4, st_cross, vaults_room_stairs_pillars,
          minmay_crypt_entry_skeletal_spiral, v_rooms_1, vaults_dpeg_ring,
          nicolae_vaults_door_testing_chamber, layout_vaults_big_room,
          serial_shops, nicolae_shop_gaudy_bauble, uniq_margery, uniq_norris,
          uniq_jory
Vaults:4: hangedman_vaults_river_flow, hangedman_vaults_corner_blocks,
          nicolae_vaults_shrinking_rooms_2, nicolae_vaults_circle_grid_b,
          nicolae_vaults_big_angled_halls, nicolae_vaults_frosty_reception,
          nicolae_vaults_closet_pinwheel_6, nicolae_vaults_diamond_2,
          nicolae_vaults_hexular_roomagon, nicolae_vaults_security_offices_1,
          nicolae_vaults_three_branches, nicolae_vaults_big_ls,
          nicolae_vaults_prndl, nicolae_vaults_trapezoid_layered,
          layout_vaults_omnibox, serial_shops, bzr_entry_lakeside
Vaults:5: uniq_boris
Depths:1: layout_big_octagon, ashenzari_altar_1, rand_demon_pan_entry_1,
          hell_entry, amcnicky_mini_corridor_feature, minmay_three_doors,
          grunt_megastairs_4, uniq_mara
Depths:2: grunt_crosshair, layout_cave_pools, serial_sigils,
          serial_sigils_hangedman_gut, serial_sigils_hangedman_clutch,
          serial_sigils_hangedman_shear, serial_sigils_hangedman_gnaw,
          serial_sigils_hangedman_shear, serial_sigils_hangedman_scar,
          grunt_hell_entry_dis_mu, pan_entry
Depths:3: minmay_the_grid_four_pointed_star_mashed
          [minmay_the_grid_triangle_9x9_wacky_v,
          minmay_the_grid_triangle_9x9_alien,
          minmay_the_grid_triangle_9x9_minimal,
          minmay_the_grid_triangle_9x9_intruding_spiral,
          minmay_the_grid_prize_four_corners_diamond_b], layout_small_grid,
          abyss_entry, hell_entry, serial_bayou_shore_b, infiniplex_staircase_x,
          serial_bayou_shore_b
Depths:4: evilmike_zot_entry_diamond, layout_basic, enter_ziggurat_c,
          hell_entry, serial_rivers, chequers_serial_rivers_small_b,
          chequers_serial_rivers_small_b, chequers_serial_rivers_micro_a,
          chequers_serial_rivers_micro_d, chequers_serial_rivers_large_b,
          minivault_11, uniq_grunn, uniq_parghit
Zot:1:    layout_gridlike, regret_index_zotdec_twisting_globes
Zot:2:    layout_concentric_octagons
Zot:3:    hellmonk_paralyzer, layout_gridlike, nicolae_diode_basic
Zot:4:    hangedman_snap_crack_crunch, layout_onion,
          regret_index_zotdec_bone_old, door_vault, uniq_josephina
Zot:5:    layout_misc_corridors

Skill      XL: |  1  2  3  4  5  6  7  8  9 10 11 12 13 14 15 16 17 18 19 20 21 22 23 24 25 26 27 |
---------------+----------------------------------------------------------------------------------+-----
Conjurations   | 2 3 4 6 7 8 10 11 12 13 14 15 16 17 18 19 20 21 | 21.5
Spellcasting   | 3 4 5 6 8 9 10 11 12 13 14 15 16 17 18 19 20 | 20.3
Air Magic      | 4 5 6 7 9 10 11 12 | 12.4
Fighting       | 1 4 6 8 10 11 12 13 14 15 16 17 18 19 | 19.6
Dodging        | 2 4 5 7 8 9 10 11 12 13 14 15 16 | 16.8
Ice Magic      | 2 6 8 10 11 13 18 21 22 23 24 25 26 | 26.3
Shields        | 8 10 11 12 13 14 16 | 16.0
Evocations     | 3 5 |  5.2
Translocations | 1 3 |  3.9
Staves         | 2 |  2.5
Earth Magic    | 2 5 9 12 13 15 | 15.0
Stealth        | 2 7 |  7.2
Polearms       | 6 |  6.4

Action                     |  1- 3 |  4- 6 |  7- 9 | 10-12 | 13-15 | 16-18 | 19-21 | 22-24 | 25-27 || total
---------------------------+-------+-------+-------+-------+-------+-------+-------+-------+-------++-------
  Melee: Unarmed           |     3 |       |       |       |       |       |       |       |       ||     3
         Short sword       |    29 |    10 |       |       |       |       |       |       |       ||    39
         Tailslap          |     1 |    15 |    23 |    20 |    64 |    47 |    93 |    84 |    54 ||   401
         Staff             |       |    90 |    93 |   104 |   344 |   202 |   133 |       |       ||   966
         Punch             |       |     1 |     3 |     2 |       |     2 |       |       |       ||     8
         Spear             |       |       |       |       |       |       |   188 |   318 |   177 ||   683
   Cast: Shock             |    43 |    79 |   113 |    28 |     1 |     1 |       |       |       ||   265
         Static Discharge  |     2 |     3 |    12 |    35 |   118 |     2 |       |       |       ||   172
         Airstrike         |       |     2 |    61 |   192 |   273 |   202 |   127 |    56 |     2 ||   915
         Swiftness         |       |     1 |     2 |     1 |     2 |       |       |       |       ||     6
         Mephitic Cloud    |       |       |       |     5 |       |       |       |       |       ||     5
         Freeze            |       |       |       |     1 |       |       |     1 |       |       ||     2
         Hailstorm         |       |       |       |     3 |     8 |       |       |       |       ||    11
         Blink             |       |       |       |     2 |     1 |     5 |     2 |     2 |       ||    12
         Freezing Cloud    |       |       |       |    14 |   162 |   180 |   196 |   110 |    29 ||   691
         Ozocubu's Armour  |       |       |       |       |     7 |     2 |       |     1 |       ||    10
         Arcjolt           |       |       |       |       |    27 |    69 |   156 |   224 |    57 ||   533
         Orb of Destructio |       |       |       |       |       |    14 |    69 |   175 |    11 ||   269
         Polar Vortex      |       |       |       |       |       |    23 |    44 |    63 |    69 ||   199
         Lehudib's Crystal |       |       |       |       |       |       |       |       |   304 ||   304
Ability: Breathe Frost     |       |       |     5 |    13 |     7 |       |     5 |       |     2 ||    32
  Evoke: Wand              |       |       |     2 |    16 |     6 |       |     2 |     5 |     2 ||    33
         Lightning rod     |       |       |       |       |       |       |    12 |     8 |       ||    20
    Use: Scroll            |     1 |     4 |     8 |     7 |     8 |    13 |     3 |    14 |    10 ||    68
         Potion            |     1 |     1 |       |    12 |    17 |     7 |     2 |     8 |    11 ||    59
   Stab: Sleeping          |     2 |       |     1 |     2 |     1 |       |     1 |     2 |     1 ||    10
         Paralysed         |       |       |     7 |    19 |       |       |       |       |       ||    26
         Distracted        |       |       |       |       |     1 |       |       |       |       ||     1
 Armour: Skin              |    20 |    98 |   102 |   185 |   620 |   342 |   502 |   559 |   359 ||  2787
  Dodge: Dodged            |    28 |    77 |   117 |   136 |   576 |   231 |   269 |   339 |   259 ||  2032
  Block: Kite shield       |       |       |       |       |       |   168 |   354 |   426 |   315 ||  1263
         Reflection        |       |       |       |       |       |    30 |    49 |    37 |    19 ||   135
